 Dungeon Crawl Stone Soup version 0.31.0-32-g396128a36d (webtiles) character file.

Game seed: 7150149605790478401

45761 Abstruse the Severer (level 14, -1/204 HPs)
             Began as a Minotaur Fighter on Apr 11, 2024.
             Was a High Priest of Trog.
             Succumbed to an emperor scorpion's poison
             ... on level 2 of the Spider Nest.
             The game lasted 01:22:15 (13968 turns).

Abstruse the Severer (Minotaur Fighter)            Turns: 13968, Time: 01:22:18

Health: -1/204     AC: 21    Str: 22    XL:     14   Next: 2%
Magic:  28/28      EV:  9    Int:  5    God:    Trog [*****.]
Gold:   1217       SH: 13    Dex: 14    Spells: 13/13 levels left

rFire   . . .        a - +2 war axe (venom)
rCold   . . .        v - +0 kite shield
rNeg    . . .        B - +3 scale mail "Zoenon" {Will+}
rPois   +            (helmet restricted)
rElec   .            k - +2 cloak {Stlth+}
rCorr   .            (no gloves)
SInv    .            T - +0 pair of boots
Will    ++++.        A
                       - Hermit's Pendant {Faith Invo=14 Evo=0 MP+5} Stlth
                     R - +4 ring of protection
HPRegen 1.54/turn    M - ring of poison resistance
MPRegen 0.21/turn

%: faith
@: berserking (expiring), lethally poisoned (-1 -> -11), strong-willed,
regenerating, very quick
A: horns 2, retaliatory headbutt
a: Renounce Religion, Berserk, Trog's Hand, Brothers in Arms


You were on level 2 of the Spider Nest.
You worshipped Trog.
Trog was extremely pleased with you.
You visited 4 branches of the dungeon, and saw 16 of its levels.
You also visited: Ossuary.

You collected 1382 gold pieces.
You spent 165 gold pieces at shops.

Inventory:

Hand Weapons
 a - a +2 war axe of venom (weapon)
 j - a +2 spear of venom
 n - a +0 dagger of speed
 N - a +3 battleaxe of freezing
Missiles
 l - 147 stones
 p - 11 atropa-tipped darts
 q - 12 poisoned darts
 E - 3 throwing nets (quivered)
 U - 3 silver javelins
Armour
 b - a +1 scale mail
 c - a +0 buckler
 k - a +2 cloak of stealth (worn)
 v - a +0 kite shield (worn)
 B - the +3 scale mail "Zoenon" (worn) {Will+}
   (You found it on level 5 of the Dungeon)

   Will+:     It increases your willpower.
 I - +0 steam dragon scales
 O - a scarf of repulsion
 T - a +0 pair of boots (worn)
Magical Staves
 Z - a staff of cold
Jewellery
 g - a ring of resist corrosion
 h - a +5 ring of evasion
 z - an amulet of the acrobat
 A - the Hermit's Pendant (around neck) {Faith Invo=14 Evo=0 MP+5}
   (You found it on level 7 of the Dungeon)

   [amulet of faith]

   Invo=14: It sets your Invocations skill to 14.
   Evo=0: It sets your Evocations skill to 0.
   Faith:     It allows you to gain divine favour quickly.
   MP+5:      It affects your magic capacity (+5).
 M - a ring of poison resistance (right hand)
 R - a +4 ring of protection (left hand)
 V - a ring of flight
 W - a ring of protection from fire
Talismans
 x - a beast talisman
 Q - a blade talisman
Wands
 m - a wand of roots (15)
 s - a wand of quicksilver (20)
 y - a wand of flame (23)
 D - a wand of mindburst (11)
 L - a wand of digging (5)
Scrolls
 i - a scroll of silence
 o - 4 scrolls of poison
 H - a scroll of immolation
 J - a scroll of fear
 P - 2 scrolls of enchant weapon
 S - 3 scrolls of identify
 X - a scroll of vulnerability
Potions
 d - a potion of might
 e - 4 potions of mutation
 f - 9 potions of brilliance
 r - 6 potions of curing
 t - 4 potions of attraction
 u - 2 potions of cancellation
 w - 3 potions of lignification
 C - 2 potions of enlightenment
 F - a potion of resistance
 G - a potion of degeneration
 K - a potion of heal wounds
Miscellaneous
 Y - a sack of spiders


   Skills:
 + Level 15.7 Fighting
 + Level 19.8 Axes
 + Level 11.8 Armour
 - Level 0.4 Dodging
 + Level 15.0 Shields
 - Level 0.6(0.0) Evocations


You had 13 spell levels left.
You didn't know any spells.
Your spell library contained the following spells:

 Spells                   Type           Power      Damage    Failure   Level
 Magic Dart               Conj           0%         1d3       86%         1
 Sandblast                Erth           0%         2d4       86%         1
 Shock                    Conj/Air       0%         1d3       86%         1
 Slow                     Hex            0%         N/A       86%         1
 Sting                    Conj/Alch      0%         1d3       86%         1
 Lesser Beckoning         Tloc           0%         N/A       95%         2
 Mercury Vapours          Alch/Air       0%         N/A       95%         2
 Searing Ray              Conj           0%         2d4       95%         2
 Call Canine Familiar     Summ           0%         N/A       99%         3
 Fugue of the Fallen      Necr           0%         N/A       99%         3
 Gell's Gravitas          Tloc           0%         N/A       99%         3
 Inner Flame              Hex/Fire       0%         N/A       99%         3
 Ozocubu's Armour         Ice            0%         N/A       99%         3
 Passwall                 Erth           0%         N/A       99%         3
 Sigil of Binding         Hex            0%         N/A       99%         3
 Stone Arrow              Conj/Erth      0%         3d7       99%         3
 Teleport Other           Tloc           0%         N/A       99%         3
 Brom's Barrelling Bould  Conj/Erth      0%         2d3       100%        4
 Dimensional Bullseye     Hex/Tloc       0%         N/A       100%        4
 Fulminant Prism          Conj/Alch      0%         3d5       100%        4
 Manifold Assault         Tloc           0%         N/A       100%        4
 Olgreb's Toxic Radiance  Alch           0%         N/A       100%        4
 Irradiate                Conj/Alch      0%         3d11      100%        5
 Iskenderun's Battlesphe  Conj           0%         2d6       100%        5
 Summon Forest            Summ/Tloc      0%         N/A       100%        5
 Bombard                  Conj/Erth      0%         9d1       100%        6
 Eringya's Noxious Bog    Alch           0%         4d6       100%        6
 Spellforged Servitor     Conj/Summ      0%         N/A       100%        7
 Summon Hydra             Summ           0%         N/A       100%        7
 Ignition                 Fire           0%         3d3       100%        8


Dungeon Overview and Level Annotations

Branches:
Dungeon (10/15)            Temple (1/1) D:5            Lair (3/5) D:10
 Shoals (0/4) Lair:3       Spider (2/4) Lair:3      Ossuary (visited)
    Orc: D:9-12

Altars:
Ashenzari
Cheibriados
Dithmenos
Elyvilon
Fedhas
Gozag
Hepliaklqana
Kikubaaqudgha
Makhleb
Nemelex Xobeh
Okawaru
Qazlal
Ru
Sif Muna
Trog
Uskayaw
Vehumet
Wu Jian
Xom
Yredelemnul
Zin
The Shining One

Shops:
D:3 [   D:4 *   D:8 [   D:10 !

Annotations:
Spider:2 Arachne, Roxanne


Innate Abilities, Weirdness & Mutations

You have a pair of horns on your head.
You reflexively headbutt those who attack you in melee.


Message History

You closely miss the jumping spider. You completely miss the redback.
A freezing mist starts to gather...
A redback simulacrum comes into view.
The emperor scorpion stings you!
* * * LOW HITPOINT WARNING * * *
The emperor scorpion claws you but does no damage. x2
The redback bites you.
* * * LOW HITPOINT WARNING * * *
You block the jumping spider's attack. x2
You block the redback simulacrum's attack.
You slice the redback simulacrum!!
The redback simulacrum vaporises!
You slash the emperor scorpion! You slice the jumping spider!!
You closely miss the redback. The emperor scorpion stings you!
* * * LOW HITPOINT WARNING * * *
You are lethally poisoned!
The emperor scorpion poisons you!
You block the emperor scorpion's attack. x2
You block the redback's attack. The jumping spider barely misses you.
The jumping spider bites you but does no damage.
You slice the jumping spider!!
You kill the jumping spider!
Trog accepts your kill.
You barely miss the culicivora simulacrum.
You hit the emperor scorpion but do no damage.
The emperor scorpion looks as sick as possible!
You slash the redback!
The redback is poisoned.
A freezing mist starts to gather...
A jumping spider simulacrum comes into view.
* * * LOW HITPOINT WARNING * * *
You feel very sick.
The culicivora simulacrum closely misses you.
You slice the redback!!
You kill the redback!
Trog accepts your kill.
You hit the emperor scorpion.
You closely miss the culicivora simulacrum.
A freezing mist starts to gather...
A redback simulacrum comes into view.
You die...

............#...#......
............#........ ..
...........##..#.^..^^..
.#....#.....^...#.###...
.######..........##.....
## ###....†...Z....^#
##.............. #
###....○^...... #
####.@..Z...^ ..
#..Zs!##.... ... #...Z.#
... ... ...s.##. #≈
....(..≈ #. .....## ~≈
...$. ≈≈ #.^.. #≈≈ ^


You could see an emperor scorpion (soul bound, extremely poisoned), an orb
spider (soul bound), a jumping spider simulacrum, 2 redback simulacra and a
culicivora simulacrum.

Vanquished Creatures
  A ghost moth (Spider:1)
  An entropy weaver (Lair:3)
  2 catoblepae (Lair:3)
  A boulder beetle (Spider:1)
  A radroach (Spider:1)
  2 demonic crawlers (Spider:1)
  A pharaoh ant (Spider:2)
  A skyshark (Lair:3)
  2 orb spiders (Spider:1)
  2 steelbarb worms (Spider:1)
  4 wolf spider zombies (Spider:1)
  4 spectral wolf spiders (Spider:1)
  2 oklob plants (Lair:2)
  13 wolf spiders
  3 meliai (Spider:1)
  A black mamba (Lair:2)
  A gargoyle (D:8)
  4 cane toads
  A torpor snail (Spider:1)
  A komodo dragon (Lair:3)
  2 rime drakes
  2 polar bears
  A merfolk (Lair:3)
  A hornet (D:8)
  3 wolf spider simulacra (Spider:1)
  Grinder (D:5)
  5 tarantellas (Spider:1)
  11 blink frogs
  13 culicivoras
  12 jumping spiders
  5 wyverns
  A shadow (D:10)
  37 yaks
  7 basilisks
  18 redbacks
  2 steam dragons
  13 water moccasins
  2 orc warriors
  2 ice beasts
  2 black bears
  3 centaurs
  12 wolves
  An ogre (D:5)
  2 phantoms
  A weeping skull (Ossuary)
  A kobold brigand (D:7)
  2 elf zombies (Ossuary)
  12 bullfrogs
  A gnoll sergeant (D:8)
  5 scorpions
  A burial acolyte (Ossuary)
  4 wights (D:9)
  4 killer bees (D:8)
  4 howler monkeys
  4 bombardier beetles
  A human zombie (Ossuary)
  4 jellies
  5 orc priests
  3 sleepcaps
  2 gnoll boudas
  3 hounds
  4 iguanas
  Ijyb (D:5)
  3 orc wizards
  6 hell rats (Lair:2)
  2 mummies (Ossuary)
  A howler monkey zombie (Ossuary)
  Robin (D:3)
  13 gnolls
  12 adders
  2 shadow imps (D:6)
  2 ufetubi (D:4)
  5 dart slugs
  6 ribbon worms
  10 orcs
  5 bats
  6 endoplasms
  4 giant cockroaches
  13 goblins
  17 hobgoblins
  6 jackals (D:3)
  9 kobolds
  4 quokkas
  5 ball pythons
  2 frilled lizards (D:1)
  A kobold zombie (Ossuary)
  5 rats
  A butterfly (Lair:2)
409 creatures vanquished.

Notes
Turn   | Place    | Note
-------+----------+-------------------------------------------
     0 | D:1      | Abstruse the Minotaur Fighter began the quest for the Orb.
     0 | D:1      | Reached XP level 1. HP: 19/19 MP: 0/0
   118 | D:1      | Reached XP level 2. HP: 22/27 MP: 1/1
   317 | D:1      | You fall into a shaft and drop 1 floor!
   547 | D:2      | Reached skill level 3 in Axes
   547 | D:2      | Reached XP level 3. HP: 33/33 MP: 2/2
  1242 | D:3      | Noticed Robin
  1252 | D:3      | Killed Robin
  1279 | D:3      | Reached XP level 4. HP: 41/41 MP: 3/3
  1452 | D:3      | Reached skill level 4 in Axes
  1587 | D:3      | Reached XP level 5. HP: 36/47 MP: 4/4
  1911 | D:3      | Found Uhiemmuni's Antique Armour Shoppe.
  1925 | D:3      | Bought a kite shield for 90 gold pieces
  1997 | D:3      | Found a radiant altar of Vehumet.
  2058 | D:3      | Found a faded altar of an unknown god.
  2122 | D:3      | Reached skill level 5 in Axes
  2375 | D:4      | Reached XP level 6. HP: 48/55 MP: 5/5
  2458 | D:4      | Found a shimmering blue altar of Sif Muna.
  2458 | D:4      | Found a sacrificial altar of Ru.
  2568 | D:4      | Reached skill level 5 in Fighting
  2568 | D:4      | Reached skill level 6 in Axes
  2829 | D:4      | Found Iczisux's Overcharged Wands.
  2975 | D:4      | Reached skill level 5 in Armour
  3096 | D:5      | Entered Level 5 of the Dungeon
  3134 | D:5      | Noticed an ice beast
  3142 | D:5      | Killed an ice beast
  3143 | D:5      | Reached skill level 7 in Axes
  3143 | D:5      | Reached XP level 7. HP: 51/61 MP: 6/6
  3168 | D:5      | Found an opulent altar of Gozag.
  3219 | D:5      | Identified the +3 scale mail "Zoenon" {Will+}
  3300 | D:5      | Noticed a wyvern
  3301 | D:5      | Noticed Ijyb
  3305 | D:5      | Killed a wyvern
  3306 | D:5      | Reached skill level 8 in Axes
  3313 | D:5      | Killed Ijyb
  3314 | D:5      | Reached skill level 9 in Axes
  3314 | D:5      | Reached skill level 5 in Shields
  3342 | D:5      | Found a staircase to the Ecumenical Temple.
  3381 | Temple   | Entered the Ecumenical Temple
  3555 | Temple   | Became a worshipper of Trog the Wrathful
  3583 | D:5      | Reached XP level 8. HP: 70/70 MP: 7/7
  3662 | D:5      | Reached skill level 10 in Axes
  3679 | D:5      | Noticed Grinder
  3688 | D:5      | Paralysed by Grinder for 2 turns
  3690 | D:5      | Killed Grinder
  3773 | D:5      | Reached skill level 11 in Axes
  3776 | D:5      | Found a shimmering altar of Xom.
  4137 | D:6      | Reached skill level 12 in Axes
  4353 | D:6      | Reached skill level 13 in Axes
  4584 | D:6      | Reached * piety under Trog
  4609 | D:6      | Reached XP level 9. HP: 79/79 MP: 8/8
  4865 | D:7      | Found a sand-covered staircase.
  4880 | Ossuary  | Entered an ossuary
  4880 | Ossuary  | Found a huge runed translucent gate.
  4880 | Ossuary  | Found a huge runed translucent gate.
  4880 | Ossuary  | Found a huge runed translucent gate.
  4880 | Ossuary  | Found a huge runed translucent gate.
  4880 | Ossuary  | Found a huge runed translucent gate.
  4880 | Ossuary  | Found a huge runed translucent gate.
  4880 | Ossuary  | Found a huge runed translucent gate.
  4880 | Ossuary  | Found a huge runed translucent gate.
  4880 | Ossuary  | Found a huge runed translucent gate.
  4881 | Ossuary  | Found a huge runed translucent gate.
  4881 | Ossuary  | Found a huge runed translucent gate.
  4882 | Ossuary  | Found a huge runed translucent gate.
  4882 | Ossuary  | Found a huge runed translucent gate.
  4884 | Ossuary  | Found a huge runed translucent gate.
  4884 | Ossuary  | Found a huge runed translucent gate.
  4900 | Ossuary  | Found a huge runed translucent gate.
  4900 | Ossuary  | Found a huge runed translucent gate.
  4900 | Ossuary  | Found a huge runed translucent gate.
  4900 | Ossuary  | Found a huge runed translucent gate.
  4900 | Ossuary  | Found a huge runed translucent gate.
  4905 | Ossuary  | Found a huge runed translucent gate.
  4905 | Ossuary  | Found a huge runed translucent gate.
  4907 | Ossuary  | Found a huge runed translucent gate.
  4907 | Ossuary  | Found a huge runed translucent gate.
  4908 | Ossuary  | Found a huge runed translucent gate.
  4908 | Ossuary  | Found a huge runed translucent gate.
  4909 | Ossuary  | Found a huge runed translucent gate.
  4909 | Ossuary  | Found a huge runed translucent gate.
  4919 | Ossuary  | Found a huge runed translucent gate.
  4919 | Ossuary  | Found a huge runed translucent gate.
  4920 | Ossuary  | Found a huge runed translucent gate.
  4920 | Ossuary  | Found a huge runed translucent gate.
  4920 | Ossuary  | Found a huge runed translucent gate.
  4920 | Ossuary  | Found a huge runed translucent gate.
  4920 | Ossuary  | Found a huge runed translucent gate.
  4944 | Ossuary  | Reached skill level 14 in Axes
  5063 | D:7      | Found a stormy altar of Qazlal.
  5218 | D:7      | Reached skill level 15 in Axes
  5220 | D:7      | Reached ** piety under Trog
  5264 | D:7      | Found an ornate altar of the Wu Jian Council.
  5496 | D:7      | Found a faded altar of an unknown god.
  5496 | D:7      | Found the Hermit's Pendant {Faith Invo=14 Evo=0 MP+5}
  5784 | D:8      | Reached skill level 16 in Axes
  5821 | D:8      | Found Jake's Armour Shoppe.
  6064 | D:8      | Reached XP level 10. HP: 90/90 MP: 19/19
  6246 | D:8      | Noticed a gargoyle
  6255 | D:8      | Killed a gargoyle
  6468 | D:9      | Reached skill level 17 in Axes
  6474 | D:9      | Found a hide-covered altar of Uskayaw.
  7260 | D:10     | Entered Level 10 of the Dungeon
  7299 | D:10     | Reached *** piety under Trog
  7334 | D:10     | Found a sparkling altar of Nemelex Xobeh.
  7368 | D:10     | Reached skill level 10 in Fighting
  7876 | D:10     | Reached XP level 11. HP: 101/101 MP: 20/20
  7894 | D:10     | Found Reammif's Distillery.
  7902 | D:10     | Bought a potion of heal wounds for 75 gold pieces
  7938 | D:10     | Found a staircase to the Lair.
  7953 | Lair:1   | Entered Level 1 of the Lair of Beasts
  8627 | Lair:1   | Got Xuheowor's Initiation into Spellcraft
  8967 | Lair:2   | Reached **** piety under Trog
  9030 | Lair:2   | Reached skill level 18 in Axes
  9169 | Lair:2   | Reached skill level 10 in Shields
  9416 | Lair:2   | Reached XP level 12. HP: 112/112 MP: 21/21
  9566 | Lair:2   | Reached skill level 10 in Armour
  9707 | Lair:2   | Found a blossoming altar of Fedhas.
 10310 | Lair:3   | Found a hole to the Spider Nest.
 10318 | Spider:1 | Entered Level 1 of the Spider Nest
 10319 | Spider:1 | Noticed a radroach
 10338 | Spider:1 | Reached ***** piety under Trog
 10338 | Spider:1 | Killed a ghost moth
 10345 | Spider:1 | Killed a radroach
 10532 | Lair:3   | Noticed a catoblepas
 10547 | Lair:3   | Killed a catoblepas
 10780 | Lair:3   | Found a radiant altar of Vehumet.
 10802 | Lair:3   | Reached skill level 19 in Axes
 11446 | Lair:3   | Found a staircase to the Shoals.
 11571 | Lair:3   | Noticed a catoblepas
 11581 | Lair:3   | Killed a catoblepas
 11733 | Spider:1 | Noticed an entropy weaver
 11736 | Spider:1 | Reached XP level 13. HP: 81/124 MP: 22/22
 12419 | Spider:1 | Reached skill level 15 in Fighting
 12422 | Spider:1 | Received a gift from Trog
 13885 | Spider:2 | Noticed Arachne
 13885 | Spider:2 | Noticed Roxanne
 13949 | Spider:2 | Noticed an emperor scorpion
 13964 | Spider:2 | Reached XP level 14. HP: 33/136 MP: 23/23
 13965 | Spider:2 | Reached skill level 15 in Shields
 13966 | Spider:2 | HP: 4/204 [emperor scorpion (10)]
 13967 | Spider:2 | HP: 1/204 [poisoned by an emperor scorpion]
 13968 | Spider:2 | Succumbed to an emperor scorpion's poison

Illustrated notes

Levels and vault maps discovered:
D:1:      scummos_arrival_star, layout_loops_corners
D:2:      layout_rooms
D:3:      corexii_shack_village, layout_basic, marbit_many_paths,
          ebering_ecumenical_altar_sacrificial, serial_shops, shop,
          minmay_starry_boxes, uniq_robin
D:4:      minmay_general_purpose_star, layout_cave_pods, minitemple,
          nicolae_shop_overcharged_wands
D:5:      layout_cave_pools, mainiacjoe_overflow_chevrons,
          nicolae_gozag_cash_rules_everything_around_me, temple_doors_e,
          serial_library_hellmonk_hallway_b, minmay_manual_mail, uniq_ijyb,
          uniq_grinder
D:6:      layout_loops_ring
D:7:      layout_cave_pools, mainiacjoe_overflow_24_doors,
          nicolae_wu_jian_immortal_techniques, enter_ossuary_1, st_stairs_12,
          hellmonk_guarded_unrand_hermit
D:8:      layout_loops_cross, serial_shops, nicolae_shop_pleasant_corner_grove
D:9:      layout_gridville, eat_drink_and_be_merry_uskayaw,
          nicolae_straight_to_the_point
D:10:     layout_gridville, nemelex_spade_bored_becter, lair_entry_dummy,
          serial_shops, shop
Temple:   dshaligram_water_room_temple
Lair:1:   layout_hall_layers, serial_bayou_shore_a
Lair:2:   layout_roguey, hangedman_tree_tricks,
          nicolae_lair_run_with_the_wolves, grunt_megastairs_3,
          lemuel_fruit_fields
Lair:3:   layout_roguey, elwin_shoals_entry_rooms, spider_nest_entry_rubble,
          basic_altar, kennysheep_basilisk_garden, serial_bayou_shore_b
Spider:1: layout_spider_delve, nicolae_spider_undead_wolf_pack
Spider:2: layout_spider_delve, drop_trap, nicolae_spider_checkerboard,
          uniq_arachne, uniq_roxanne

Skill      XL: |  1  2  3  4  5  6  7  8  9 10 11 12 13 14 |
---------------+-------------------------------------------+-----
Armour         | 4 5 6 7 9 10 11 | 11.8
Fighting       | 4 5 7 8 10 12 14 15 | 15.7
Axes           | 3 4 5 7 9 13 16 17 18 19 | 19.8
Shields        | 4 5 7 8 10 12 14 15 | 15.0
Dodging        | |  0.4
Evocations     | |  0.6

Action                     |  1- 3 |  4- 6 |  7- 9 | 10-12 | 13-15 || total
---------------------------+-------+-------+-------+-------+-------++-------
  Melee: War axe           |    64 |   130 |   212 |   433 |   213 ||  1052
         Headbutt          |    10 |    20 |    39 |   109 |    60 ||   238
 Invoke: Trog's Hand       |       |       |       |     4 |     4 ||     8
         Berserk           |       |       |       |     4 |     4 ||     8
  Evoke: Wand              |       |       |       |     1 |     2 ||     3
    Use: Scroll            |     1 |     7 |     8 |     7 |     6 ||    29
         Potion            |       |       |       |     2 |     2 ||     4
 Armour: Scale mail        |    37 |    95 |    88 |   266 |   276 ||   762
  Dodge: Dodged            |    40 |    73 |   102 |   158 |    93 ||   466
  Block: Buckler           |    12 |    10 |       |       |       ||    22
         Kite shield       |       |    29 |   107 |   220 |   217 ||   573
